 Dungeon Crawl Stone Soup version 0.24.0-1-gfbc8707 (webtiles) character file.

Game seed: 14913737214947311906, levelgen mode: deterministic

6757 Metalrift the Geomancer (level 11, -6/62 HPs)
             Began as a Gargoyle Earth Elementalist on Nov 4, 2019.
             Was a Believer of Sif Muna.
             Mangled by a spatial maelstrom (8 damage)
             ... on level 2 of the Abyss.
             The game lasted 01:04:05 (8310 turns).

Metalrift the Geomancer (GrEE)                      Turns: 8310, Time: 01:04:06

Health: -6/62      AC: 25    Str: 12    XL:     11   Next: 4%
Magic:  10/20      EV: 14    Int: 19    God:    Sif Muna [**....]
Gold:   340        SH:  0    Dex: 10    Spells: 8/23 levels left

rFire    + . .     SeeInvis .   v - +4 long sword (flame)
rCold    . . .     Gourm    .   (no shield)
rNeg     + . .     Faith    .   J - +5 leather armour "Ymounywnu" {Regen+}
rPois    ∞         Spirit   .   j - +0 helmet
rElec    +         Reflect  .   h - +1 cloak
rCorr    .         Harm     .   q - +0 pair of gloves
MR       .....                  (no boots)
Stlth    +.........             (no amulet)
HPRegen  0.60/turn              s - +5 ring of protection
MPRegen  0.17/turn              c - ring of protection from fire

@: confused
A: negative energy resistance 1, electricity resistance, unbreathing,
petrification resistance, rot immunity, AC +8
a: Channel Magic, Renounce Religion


You were on level 2 of the Abyss.
You worshipped Sif Muna.
Sif Muna was pleased with you.
You were not hungry.

You visited 2 branches of the dungeon, and saw 10 of its levels.
You visited the Abyss 1 time.
You also visited: Sewer.

You collected 340 gold pieces.

Inventory:

Hand Weapons
 v - a +4 long sword of flaming (weapon)
Missiles
 b - 23 stones (quivered)
 r - 21 boomerangs
 y - 40 poisoned darts
Armour
 h - a +1 cloak (worn)
 j - a +0 helmet (worn)
 q - a +0 pair of gloves (worn)
 w - a +1 leather armour of magic resistance
 J - the +5 leather armour "Ymounywnu" (worn) {Regen+}
   (You found it on level 6 of the Dungeon)

   It increases your rate of regeneration.
Magical Staves
 K - an uncursed staff of earth
Jewellery
 c - a ring of protection from fire (right hand)
 s - a +5 ring of protection (left hand)
 x - the ring of Bumoohad {Wiz rC+ MR- Dex+3}
   (You found it on level 4 of the Dungeon)

   [ring of wizardry]

   It improves your spell success rate.
   It affects your dexterity (+3).
   It protects you from cold.
   It affects your resistance to hostile enchantments.
 I - an uncursed ring of positive energy
Wands
 g - a wand of digging (5)
 n - a wand of scattershot (7)
 t - a wand of flame (21)
 E - a wand of random effects (10)
Scrolls
 l - 7 scrolls of teleportation
 A - a scroll of remove curse
 C - 2 scrolls of blinking
Potions
 a - a potion of ambrosia
 e - a potion of agility
 k - 3 potions of cancellation
 m - a potion of flight
 p - 2 potions of invisibility
 B - a potion of berserk rage
 D - a potion of curing
 F - 2 potions of lignification
 G - 2 potions of haste {unknown}
 H - a potion of might {unknown}
Comestibles
 d - 5 rations


   Skills:
 + Level 4.6 Fighting
 + Level 6.0 Dodging
 - Level 3.7 Stealth
 + Level 6.5 Spellcasting
 - Level 3.8 Conjurations
 - Level 4.3 Transmutations
 * Level 11.8 Earth Magic
 - Level 4.5 Invocations


You had 8 spell levels left.
You knew the following spells:

 Your Spells              Type           Power        Failure   Level  Hunger
a - Sandblast             Erth           ######       1%          1    None
b - Passwall              Tmut/Erth      #####...     1%          2    None
c - Stone Arrow           Conj/Erth      #####.       1%          3    ##.....
d - Lee's Rapid Deconstr  Erth           ######....   3%          5    #####..
e - Petrify               Tmut/Erth      #####...     4%          4    ####...

Your spell library contained the following spells:

 Spells                   Type           Power        Failure   Level  Hunger


Dungeon Overview and Level Annotations

Branches:
Dungeon (9/15)             Temple (1/1) D:5           Sewer (visited)
   Lair: D:8-11         Orc: D:9-12

Altars:
Ashenzari
Cheibriados
Dithmenos
Elyvilon
Fedhas
Gozag
Hepliaklqana
Makhleb
Nemelex Xobeh
Okawaru
Qazlal
Ru
Sif Muna
Trog
Uskayaw
Vehumet
Wu Jian
Xom
Yredelemnul
Zin
The Shining One

Shops:
D:8 %

Annotations:
D:4 exclusion: statue
D:9 Maurice


Innate Abilities, Weirdness & Mutations

You are resistant to torment.
Your stone body is resilient. (AC +8)
You are immune to poison.
You resist negative energy. (rN+)
You are resistant to electric shocks. (rElec)
You can survive without breathing.
You are immune to petrification.
You are immune to rotting.


Message History

Confirm with . or Enter, or press ? or * to list all spells.
You don't have enough magic to cast that spell.
Unknown command.
Okay, then.
You are confused.
You feel invigorated. The spatial vortex hits you.
You feel strangely stable.
You bump into the rock wall.
The spatial vortex hits you but does no damage.
A spatial vortex comes into view.
The spatial vortex hits you!
* * * LOW HITPOINT WARNING * * *
Space bends around you.
* * * LOW HITPOINT WARNING * * *
A spatial vortex comes into view.
A lurking horror comes into view.
The large abomination closely misses you.
The spatial maelstrom hits you but does no damage.
The spatial maelstrom hits you.
* * * LOW HITPOINT WARNING * * *
Space warps horribly around you!
You die...

.# ...#.#.#.#
#.#.#†#v . ..### #
# # .v .#§# #...#
#..... .. .. 4#.#.
.# . .. . . # # #.#
# #...#### # .# #
##.#.#.#.#...# #
#.#.#.#.#.#.######4
### ####. #3X#v.#
..#..#@v.#5 ###
#.##.#v###x. . .
... .3


vvv. . .. . .... ..... .. .. ....... .. . v .. .. ..v...... . # ... ..*......v.
. .. ............. . . . ... .. You could see a spatial maelstrom, 7 spatial
vortices, a large abomination, a smoke demon and a lurking horror.

Vanquished Creatures
  A thrashing horror (Abyss:2)
  A glowing orange brain (shapeshifter) (Abyss:2)
  Pikel (D:8)
  A large abomination (Abyss:2)
  Prince Ribbit (D:8)
  A blink frog (Abyss:2)
  A hippogriff (D:8)
  2 ynoxinuls (Abyss:2)
  A hungry ghost (D:7)
  A chaos spawn (Abyss:2)
  A water moccasin (D:5)
  2 black bears
  2 sky beasts
  3 orc warriors
  2 ice beasts
  A phantom (D:8)
  2 small abominations (Abyss:2)
  4 ogres
  2 necrophages
  A centaur (D:5)
  2 bullfrogs
  2 scorpions
  3 killer bees (D:7)
  A howler monkey (D:4)
  2 crimson imps
  A bullfrog zombie (D:6)
  3 hounds
  A quasit (Abyss:2)
  3 jellies
  3 orc priests
  A bullfrog skeleton (D:7)
  15 orc wizards
  Crazy Yiuf (D:2)
  Natasha (twice) (D:2)
  Terence (D:2)
  A centaur skeleton (D:5)
  5 iguanas
  7 worker ants
  A howler monkey skeleton (D:4)
  3 gnolls (D:5)
  13 adders
  4 river rats
  2 shadow imps
  An ufetubus (Abyss:2)
  3 oozes
  An adder skeleton (D:7)
  An adder zombie (D:6)
  2 worms (D:2)
  3 dart slugs (D:1)
  5 leopard geckos
  35 orcs
  7 bats
  10 giant cockroaches
  3 goblins
  8 hobgoblins
  11 jackals
  5 quokkas
  3 ball pythons (Sewer)
  12 frilled lizards
  8 kobolds
  A quokka skeleton (D:5)
  14 rats
241 creatures vanquished.

Notes
Turn   | Place    | Note
-------+----------+-------------------------------------------
     0 | D:1      | Metalrift the Gargoyle Earth Elementalist began the quest
                  | for the Orb.
     0 | D:1      | Reached XP level 1. HP: 10/10 MP: 3/3
   252 | D:1      | Reached XP level 2. HP: 15/15 MP: 1/5
   282 | D:1      | Reached skill level 4 in Earth Magic
   485 | D:1      | Reached XP level 3. HP: 19/19 MP: 2/6
   535 | D:1      | Learned a level 2 spell: Passwall
   539 | D:1      | Learned a level 3 spell: Stone Arrow
   785 | D:2      | Found a sacrificial altar of Ru.
   833 | D:2      | Noticed Natasha
   840 | D:2      | Killed Natasha
   840 | D:2      | Reached XP level 4. HP: 16/24 MP: 2/7
  1061 | D:2      | Found a snail-covered altar of Cheibriados.
  1102 | D:2      | Found a runed translucent door.
  1103 | D:2      | Noticed Crazy Yiuf
  1477 | D:2      | Found a stormy altar of Qazlal.
  1477 | D:2      | Noticed a water elemental
  1478 | D:2      | Noticed an earth elemental
  1478 | D:2      | Noticed an air elemental
  1478 | D:2      | Noticed a fire elemental
  1492 | D:2      | Noticed Terence
  1510 | D:2      | Killed Terence
  1510 | D:2      | Reached skill level 5 in Earth Magic
  1510 | D:2      | Reached XP level 5. HP: 27/28 MP: 0/9
  1536 | D:2      | Noticed Natasha
  1546 | D:2      | Killed Natasha
  1789 | D:2      | Killed Crazy Yiuf
  1789 | D:2      | Reached skill level 1 in Conjurations
  2220 | D:3      | Reached XP level 6. HP: 32/32 MP: 6/10
  2687 | D:4      | Reached skill level 6 in Earth Magic
  2778 | D:4      | Reached XP level 7. HP: 22/36 MP: 5/12
  2823 | D:4      | Found an iron altar of Okawaru.
  2974 | D:4      | Got a glittering jade ring
  2975 | D:4      | Identified the ring of Bumoohad {Wiz rC+ MR- Dex+3} (You
                  | found it on level 4 of the Dungeon)
  3275 | D:4      | Reached skill level 7 in Earth Magic
  3494 | D:4      | Found a radiant altar of Vehumet.
  3589 | D:5      | Entered Level 5 of the Dungeon
  3606 | D:5      | Reached XP level 8. HP: 41/41 MP: 9/13
  3891 | D:5      | Reached skill level 8 in Earth Magic
  3909 | D:5      | Learned a level 5 spell: Lee's Rapid Deconstruction
  3914 | D:5      | Learned a level 4 spell: Petrify
  4055 | D:5      | Reached skill level 1 in Transmutations
  4455 | D:5      | Found a staircase to the Ecumenical Temple.
  4464 | Temple   | Entered the Ecumenical Temple
  4646 | Temple   | Became a worshipper of Sif Muna the Loreminder
  4927 | D:6      | Found a glowing drain.
  4964 | Sewer    | Entered a sewer
  5380 | D:6      | Reached skill level 9 in Earth Magic
  5380 | D:6      | Reached XP level 9. HP: 45/45 MP: 9/16
  5460 | D:6      | Reached * piety under Sif Muna
  5494 | D:6      | Reached skill level 5 in Spellcasting
  5585 | D:6      | Found a basalt altar of Yredelemnul.
  5749 | D:6      | Got an ancient leather armour
  5889 | D:6      | Identified a scroll of acquirement
  6077 | D:6      | Identified the +5 leather armour "Ymounywnu" {Regen+} (You
                  | found it on level 6 of the Dungeon)
  6207 | D:7      | Reached skill level 1 in Fighting
  6207 | D:7      | Reached skill level 1 in Invocations
  6234 | D:7      | Found a shadowy altar of Dithmenos.
  6526 | D:7      | Reached skill level 10 in Earth Magic
  7037 | D:8      | Reached skill level 5 in Dodging
  7116 | D:8      | Reached ** piety under Sif Muna
  7116 | D:8      | Reached XP level 10. HP: 54/54 MP: 0/18
  7228 | D:8      | Found Zile's Food Shop.
  7780 | D:8      | Noticed Prince Ribbit
  7784 | D:8      | Noticed Pikel
  7802 | D:8      | Killed Prince Ribbit
  7869 | D:8      | Found a burning altar of Makhleb.
  7900 | D:8      | Killed Pikel
  7900 | D:8      | Reached skill level 11 in Earth Magic
  8009 | D:9      | Noticed Maurice
  8022 | D:9      | Cast into level 2 of the Abyss (orc warrior)
  8046 | Abyss:2  | Noticed a thrashing horror
  8069 | Abyss:2  | Killed a thrashing horror
  8071 | Abyss:2  | Noticed a large abomination
  8079 | Abyss:2  | Killed a large abomination
  8139 | Abyss:2  | Noticed a fire crab
  8141 | Abyss:2  | Noticed a lindwurm
  8141 | Abyss:2  | a fire crab changed into a lindwurm
  8147 | Abyss:2  | a lindwurm changed into a dream sheep
  8150 | Abyss:2  | Noticed a swamp dragon
  8150 | Abyss:2  | a dream sheep changed into a swamp dragon
  8173 | Abyss:2  | Noticed a soul eater
  8185 | Abyss:2  | Noticed a glowing orange brain
  8185 | Abyss:2  | a swamp dragon changed into a glowing orange brain
  8193 | Abyss:2  | Noticed a spatial maelstrom
  8213 | Abyss:2  | Killed a glowing orange brain
  8274 | Abyss:2  | Reached XP level 11. HP: 61/62 MP: 8/20
  8310 | Abyss:2  | HP: 2/62 [spatial maelstrom (4)]
  8310 | Abyss:2  | Mangled by a spatial maelstrom

Levels and vault maps discovered:
D:1:      lemuel_arrival_muddy, layout_basic, patterned_corridor
D:2:      layout_loops_ring, nicolae_ru_path_of_blood, lemuel_crystal_altar,
          nicolae_qazlal_style_of_elements, uniq_natasha, uniq_terence,
          uniq_crazy_yiuf_cottage
D:3:      layout_loops_cross
D:4:      layout_cave_pods, vehumet_statue, okawaru_metal_pillars_1_2,
          bh_walls_and_bars
D:5:      layout_layer_cave, minmay_temple_entry_fiery, first_ration
D:6:      layout_basic, overflow_temple_1_default, portal_sewer_entry_c,
          enter_ossuary_2, grunt_ministairs_8
D:7:      layout_loops_corners, grunt_dithmenos_smoke_and_mirrors
D:8:      layout_basic, lemuel_round_altar, serial_shops, shop, uniq_pikel,
          uniq_prince_ribbit1
D:9:      layout_cave_pools, kennysheep_little_box, erik_lair_dragon,
          uniq_maurice
Temple:   dshaligram_water_room_temple
Abyss:2

Skill      XL: |  1  2  3  4  5  6  7  8  9 10 11 |
---------------+----------------------------------+-----
Earth Magic    | 4 5 6 7 9 10 11 | 11.8
Dodging        | 2 3 4 5 6 |  6.0
Stealth        | 3 |  3.7
Conjurations   | 1 2 3 |  3.8
Spellcasting   | 3 4 5 6 |  6.5
Transmutations | 2 3 4 |  4.3
Fighting       | 2 4 |  4.6
Invocations    | 2 4 |  4.5

Action                   |  1- 3 |  4- 6 |  7- 9 | 10-12 || total
-------------------------+-------+-------+-------+-------++-------
Melee: Unarmed           |    12 |       |       |       ||    12
       Mace              |     2 |    35 |       |       ||    37
       Long sword        |       |    14 |   100 |    24 ||   138
       Staff             |       |       |     4 |     8 ||    12
 Cast: Sandblast         |    34 |    62 |   139 |    64 ||   299
       Stone Arrow       |     1 |    11 |    41 |    21 ||    74
       Passwall          |       |     2 |       |       ||     2
       Lee's Rapid Decon |       |       |     2 |     1 ||     3
Invok: Channel Magic     |       |       |     1 |     1 ||     2
  Use: Scroll            |       |    11 |    16 |     2 ||    29
       Potion            |       |       |       |     4 ||     4
 Stab: Sleeping          |       |       |     3 |       ||     3
  Eat: Chunk             |       |     3 |     5 |     1 ||     9
       Ration            |       |     2 |     3 |     2 ||     7
Armor: Robe              |     8 |    41 |    89 |       ||   138
       Leather armour    |       |       |    12 |   160 ||   172
Dodge: Dodged            |    15 |    50 |   181 |   230 ||   476
       Rpst.: Long sword |       |     4 |    48 |    33 ||    85
